 Dungeon Crawl Stone Soup version 0.32-a0-35-gd9ff480968 (webtiles) character file.

Game seed: 7018287025203276633

4589 pokeman the Thaumaturge (level 10, -4/54 (56) HPs)
             Began as a Deep Elf Hedge Wizard on Jan 22, 2024.
             Was a Believer of Vehumet.
             Slain by a warg (14 damage)
             ... on level 9 of the Dungeon.
             The game lasted 00:21:35 (8947 turns).

pokeman the Thaumaturge (Deep Elf Hedge Wizard)     Turns: 8947, Time: 00:21:35

HP:   -4/54 (56)    AC:  5    Str:  7    XL:     10   Next: 18%
MP:   29/37         EV: 13    Int: 24    God:    Vehumet [**....]
Gold: 494           SH:  0    Dex: 20    Spells: 20/34 levels left

rFire   . . .        y - +2 whip (venom)
rCold   . . .        (no shield)
rNeg    . . .        b - +0 robe
rPois   .            c - +0 hat
rElec   .            x - +1 cloak
rCorr   .            a - +0 pair of gloves
SInv    .            (no boots)
Will    +....        (no amulet)
Stlth   +++          q - ring of magical power
HPRegen 0.29/turn    t - +6 ring of dexterity
MPRegen 0.25/turn

%: no passive effects
@: lightly drained
A: no striking features
a: Renounce Religion


You were on level 9 of the Dungeon.
You worshipped Vehumet.
Vehumet was pleased with you.
You visited 2 branches of the dungeon, and saw 10 of its levels.

You collected 494 gold pieces.

Inventory:

Hand Weapons
 y - a +2 whip of venom (weapon)
 H - the +0 trident "Grim Tooth" {pain, Stlth+}
   (You found it on level 7 of the Dungeon)

   Stlth+:    It makes you more stealthy.
Missiles
 E - 2 throwing nets
Armour
 a - a +0 pair of gloves (worn)
 b - a +0 robe (worn)
 c - a +0 hat (worn)
 x - a +1 cloak (worn)
 z - the orb of Ivvif {light, rN+ Will++ Slay-4}
   (You found it on level 4 of the Dungeon)

   Slay-4:    It affects your accuracy & damage with ranged weapons and melee
   (-4).
   rN+:       It protects you from negative energy.
   Will++:    It greatly increases your willpower.
Jewellery
 q - a ring of magical power (left hand)
 t - a +6 ring of dexterity (right hand)
 w - a ring of flight
Wands
 C - a wand of flame (25)
Scrolls
 f - 5 scrolls of enchant weapon {unknown}
 i - 3 scrolls of teleportation {unknown}
 j - a scroll of fear {unknown}
 k - a scroll of enchant armour {unknown}
 l - 2 scrolls of noise {unknown}
 n - 2 scrolls of revelation {unknown}
 p - 4 scrolls of identify {unknown}
 s - 2 scrolls of brand weapon {unknown}
 u - a scroll of immolation {unknown}
 v - a scroll of poison {unknown}
 A - 2 scrolls of vulnerability {unknown}
 G - 2 scrolls of amnesia {unknown}
Potions
 d - a potion of magic
 e - a potion of invisibility {unknown}
 g - 2 potions of brilliance {unknown}
 h - a potion of mutation {unknown}
 m - 3 potions of curing {unknown}
 o - a potion of attraction {unknown}
 r - 4 potions of might {unknown}
 B - 2 potions of degeneration {unknown}
 D - a potion of heal wounds {unknown}
 F - 2 potions of enlightenment {unknown}
 I - 2 potions of lignification {unknown}


   Skills:
 + Level 4.0 Fighting
 - Level 3.0 Armour
 - Level 3.0 Dodging
 - Level 3.3 Stealth
 * Level 12.7 Spellcasting
 + Level 7.2 Conjurations
 - Level 1.1 Summonings
 - Level 1.0 Necromancy
 - Level 1.1 Translocations
 + Level 6.3 Fire Magic
 - Level 1.0 Air Magic
 - Level 2.0 Earth Magic
 - Level 1.1 Alchemy
 - Level 1.0 Evocations


You had 20 spell levels left.
You knew the following spells:

 Your Spells              Type           Power      Damage    Failure   Level
a - Magic Dart            Conj           100%       1d8       1%          1
b - Mephitic Cloud        Conj/Alch/Air  30%        N/A       3%          3
c - Call Imp              Summ           40%        N/A       3%          2
d - Blink                 Tloc           40%        N/A       3%          2
e - Foxfire               Conj/Fire      100%       2x1d9     1%          1
f - Lee's Rapid Deconstr  Erth           12%        3d9*      43%         5

Your spell library contained the following spells:

 Spells                   Type           Power      Damage    Failure   Level
 Sandblast                Erth           50%        2d12      1%          1
 Kiss of Death            Conj/Necr      100%       2d13      1%          1
 Necrotise                Necr           80%        1d8       2%          1
 Summon Small Mammal      Summ           80%        N/A       2%          1
 Hailstorm                Conj/Ice       32%        3d8       2%          3
 Cigotuvi's Dreadful Rot  Necr/Alch/Air  40%        N/A       3%          2
 Slow                     Hex            60%        N/A       4%          1
 Passwall                 Erth           25%        N/A       5%          3
 Ensorcelled Hibernation  Hex/Ice        30%        N/A       6%          2
 Call Canine Familiar     Summ           20%        N/A       8%          3
 Swiftness                Air            20%        N/A       8%          3
 Vampiric Draining        Necr           20%        2d7       8%          3
 Summon Blazeheart Golem  Fire/Summ      33%        N/A       9%          4
 Summon Ice Beast         Ice/Summ       17%        N/A       10%         3
 Confusing Touch          Hex            15%        N/A       12%         3
 Leda's Liquefaction      Alch/Erth      11%        N/A       21%         4
 Dispel Undead            Necr           20%        3d11      26%         4
 Martyr's Knell           Necr/Summ      20%        N/A       26%         4
 Starburst                Conj/Fire      24%        6d8       36%         6
 Curse of Agony           Necr           20%        N/A       58%         5
 Bombard                  Conj/Erth      18%        9d4       65%         6
 Plasma Beam              Fire/Air       16%        2x1d28    78%         6
 Sculpt Simulacrum        Ice/Alch       8%         N/A       99%         6


Dungeon Overview and Level Annotations

Branches:
Dungeon (9/15)             Temple (1/1) D:6            Lair (0/5) D:9
    Orc: D:9-12

Altars:
Ashenzari
Cheibriados
Dithmenos
Elyvilon
Gozag
Hepliaklqana
Kikubaaqudgha
Makhleb
Nemelex Xobeh
Okawaru
Qazlal
Ru
Sif Muna
Trog
Vehumet
Wu Jian
Xom
Yredelemnul
Zin
The Shining One

Shops:
D:4 :

Annotations:
D:1 1 runed translucent door
D:3 2 transporters, Splishie's ghost, amateur GnSh
D:8 3 runed translucent doors, Livid's ghost, novice DjFE


Message History

The wolf misses the warg.
The warg bites you!
* * * LOW HITPOINT WARNING * * *
Casting: Foxfire (safe; 1% risk of failure)
Confirm with . or Enter, or press ? or * to list all spells.
You conjure some foxfire!
The foxfire hits the wolf but does no damage.
The wolf is moderately wounded.
The foxfire hits the wolf.
The wolf is heavily wounded.
The foxfire hits the wolf.
The wolf is heavily wounded.
The wolf barely misses you.
The orc wizard is engulfed in noxious fumes.
The orc wizard appears confused.
The warg bites you.
* * * LOW HITPOINT WARNING * * *
The wolf bites itself!
The wolf is killed!
Vehumet accepts your kill.
You feel your power returning.
Your Fighting skill increases to level 4!
Casting: Foxfire (safe; 1% risk of failure)
Confirm with . or Enter, or press ? or * to list all spells.
You blink.
The foxfire hits the warg but does no damage.
The warg is lightly wounded.
Unknown command.
Okay, then.
Unknown command.
Unknown command.
Casting: Blink (safe; 3% risk of failure)
Confirm with . or Enter, or press ? or * to list all spells.
A tiny devil pulls itself out of the air.
Your cerulean imp misses the warg.
Your cerulean imp hits the warg but does no damage.
You feel ready to blink again.
The warg pauses to sniff the ground.
The warg attacks as it pursues you! The warg misses you. The warg misses you.
Your cerulean imp misses the warg.
The warg bites you!
You die...

#.#..#.........#
#..............#####
####....#..........#
#.#..........#..#
####..<............#
.......5....>........
##...............##..
###..###h.#..##.....
.
.......@.............
#####################


You could see a warg (ally target) and a friendly cerulean imp (summoned).

Vanquished Creatures
  Pikel (D:7)
  3 yaks (D:8)
  Menkaure (D:7)
  Edmund (D:4)
  2 water moccasins
  3 ice beasts (D:6)
  4 orc warriors
  2 black bears
  A wolf (D:9)
  3 centaurs
  2 lemures (D:7)
  2 phantoms (D:6)
  2 kobold brigands
  2 scorpions (D:5)
  5 wights (D:8)
  8 killer bees
  3 howler monkeys (D:7)
  A bombardier beetle (D:7)
  4 hounds
  6 orc priests
  3 gnoll boudas
  2 jellies
  An iguana (D:6)
  4 orc wizards
  14 gnolls
  7 adders
  A white imp (D:7)
  4 ufetubi
  2 ribbon worms
  42 orcs
  7 ball pythons
  3 bats
  7 endoplasms
  3 giant cockroaches
  10 hobgoblins
  2 jackals (D:3)
  18 kobolds
  4 quokkas
  2 frilled lizards (D:2)
  2 goblins
  6 rats
  A foxfire (D:4)
201 creatures vanquished.

Vanquished Creatures (collateral kills)
  An orc (D:3)
  A foxfire (D:7)
2 creatures vanquished.

Vanquished Creatures (others)
  A lava snake (D:7)
  612 foxfires
613 creatures vanquished.

Grand Total: 816 creatures vanquished

Notes
Turn   | Place    | Note
-------+----------+-------------------------------------------
     0 | D:1      | pokeman the Deep Elf Hedge Wizard began the quest for the
                  | Orb.
     0 | D:1      | Reached XP level 1. HP: 10/10 MP: 7/7
     1 | D:1      | Found a runed translucent door.
   223 | D:1      | Reached XP level 2. HP: 15/16 MP: 1/9
   324 | D:1      | Found a faded altar of an unknown god.
  1107 | D:2      | Reached skill level 5 in Spellcasting
  1419 | D:2      | Reached XP level 3. HP: 20/20 MP: 11/11
  1423 | D:2      | Learned a level 3 spell: Mephitic Cloud
  1426 | D:2      | Learned a level 2 spell: Call Imp
  1429 | D:2      | Learned a level 2 spell: Blink
  2085 | D:3      | Reached skill level 1 in Fighting
  2251 | D:3      | Reached skill level 1 in Armour
  2251 | D:3      | Reached XP level 4. HP: 25/25 MP: 7/13
  2654 | D:3      | Found a transporter.
  2655 | D:3      | Found a transporter.
  2669 | D:3      | Noticed Splishie's ghost (amateur GnSh)
  2671 | D:3      | Identified the +0 leather armour of Ufiuts {rF+ Str+4
                  | Dex+5}
  3318 | D:4      | Learned a level 1 spell: Foxfire
  3345 | D:4      | Reached XP level 5. HP: 29/29 MP: 15/15
  3375 | D:4      | Reached skill level 6 in Spellcasting
  3537 | D:4      | Identified the orb of Ivvif {light, rN+ Will++ Slay-4}
  3541 | D:4      | Found Qetyroeh's Book Shop.
  3770 | D:4      | Noticed Edmund
  3802 | D:4      | Killed Edmund
  3803 | D:4      | Reached skill level 1 in Fire Magic
  3803 | D:4      | Reached skill level 1 in Alchemy
  3904 | D:4      | Reached XP level 6. HP: 34/34 MP: 17/17
  3954 | D:5      | Entered Level 5 of the Dungeon
  3969 | D:5      | Reached skill level 1 in Air Magic
  4114 | D:5      | Reached skill level 1 in Evocations
  4180 | D:5      | Reached skill level 7 in Spellcasting
  4237 | D:5      | Noticed a water moccasin
  4244 | D:5      | Killed a water moccasin
  4245 | D:5      | Reached XP level 7. HP: 38/38 MP: 19/19
  4580 | D:5      | Found a glowing silver altar of Zin.
  5146 | D:6      | Reached skill level 8 in Spellcasting
  5313 | D:6      | Found a staircase to the Ecumenical Temple.
  5327 | Temple   | Entered the Ecumenical Temple
  5335 | Temple   | Became a worshipper of Vehumet
  5372 | D:6      | Reached XP level 8. HP: 24/44 MP: 20/22
  5474 | D:6      | Reached skill level 9 in Spellcasting
  5626 | D:6      | Reached skill level 5 in Conjurations
  6022 | D:7      | Noticed Menkaure
  6227 | D:7      | Killed Menkaure
  6228 | D:7      | Reached skill level 10 in Spellcasting
  6372 | D:7      | Identified the +0 trident "Grim Tooth" {pain, Stlth+}
  6403 | D:7      | Reached * piety under Vehumet
  6403 | D:7      | Offered knowledge of Sting by Vehumet.
  6458 | D:7      | Reached XP level 9. HP: 39/48 MP: 25/25
  6460 | D:7      | Reached skill level 1 in Necromancy
  6694 | D:7      | Reached skill level 11 in Spellcasting
  6694 | D:7      | Reached skill level 5 in Fire Magic
  6785 | D:7      | Learned a level 5 spell: Lee's Rapid Deconstruction
  6837 | D:7      | Identified the +6 short sword "Hellblazer" {antimagic,
                  | +Blink Str+7 Int+3}
  7044 | D:7      | Noticed Pikel
  7067 | D:7      | Killed Pikel
  7068 | D:7      | Reached skill level 1 in Earth Magic
  7290 | D:8      | Offered knowledge of Sandblast by Vehumet.
  7302 | D:8      | Reached ** piety under Vehumet
  7422 | D:8      | Found an ancient bone altar of Kikubaaqudgha.
  7512 | D:8      | Reached skill level 12 in Spellcasting
  7699 | D:8      | Reached XP level 10. HP: 29/56 MP: 28/28
  8054 | D:8      | Noticed Livid's ghost (novice DjFE)
  8055 | D:8      | Found a runed translucent gate.
  8055 | D:8      | Found a runed translucent gate.
  8055 | D:8      | Found a runed translucent gate.
  8923 | D:9      | Found a staircase to the Lair.
  8947 | D:9      | Slain by a warg

Illustrated notes

Levels and vault maps discovered:
D:1:      dpeg_arrival_caged_fury, layout_loops_ring,
          shapermc_ecumenical_altar_mp_ritualfount
D:2:      layout_basic
D:3:      layout_basic, gammafunk_ghost_arena
D:4:      layout_gridville, serial_shops, nicolae_shop_hallway_stairs,
          uniq_edmund
D:5:      layout_basic, zin_academy
D:6:      layout_basic, minmay_temple_entry_antechambers, kennysheep_path_1
D:7:      layout_rooms, hangedman_decor_riveting, moated_statue,
          kennysheep_generic_room_2, uniq_menkaure, uniq_pikel
D:8:      layout_basic, mainiacjoe_overflow_24_doors,
          gammafunk_ghost_nasty_kobolds
D:9:      layout_stronghold, erik_lair_orcish_takeover, david_orc_5,
          gammafunk_ghost_wrathful_warriors, chequers_decorated_corner,
          st_stairs_5
Temple:   nicolae_temple_two_arcs

Skill      XL: |  1  2  3  4  5  6  7  8  9 10 |
---------------+-------------------------------+-----
Spellcasting   | 5 6 7 8 10 12 | 12.7
Fighting       | 1 2 3 4 |  4.0
Conjurations   | 2 3 4 5 7 |  7.2
Armour         | 1 3 |  3.0
Dodging        | 3 |  3.0
Stealth        | 3 |  3.3
Fire Magic     | 1 3 4 6 |  6.3
Alchemy        | 1 |  1.1
Air Magic      | 1 |  1.0
Evocations     | 1 |  1.0
Necromancy     | 1 |  1.0
Earth Magic    | 2 |  2.0
Summonings     | |  1.1
Translocations | |  1.1

Action                     |  1- 3 |  4- 6 |  7- 9 | 10-12 || total
---------------------------+-------+-------+-------+-------++-------
  Melee: Dagger            |    25 |       |       |       ||    25
         Whip              |       |    21 |    56 |    18 ||    95
         Punch             |       |       |     1 |       ||     1
   Cast: Magic Dart        |   123 |    42 |     3 |     2 ||   170
         Mephitic Cloud    |     4 |     2 |    19 |     3 ||    28
         Call Imp          |     2 |       |     1 |     2 ||     5
         Foxfire           |       |    75 |   246 |    38 ||   359
         Blink             |       |       |       |     1 ||     1
   Stab: Confused          |     1 |     1 |    12 |     3 ||    17
 Armour: Robe              |    27 |    10 |    59 |    21 ||   117
  Dodge: Dodged            |    26 |    14 |    54 |    13 ||   107

Table legend: (Time is in decaauts)
 A = Elapsed time spent in this place.
 B = Non-inter-level travel time spent in this place.
 C = Inter-level travel time spent in this place.
 D = Time resting spent in this place.
 E = Time spent auto-exploring this place.
 F = Levels seen in this place.
 G = Mean time per level.
                   A        B        C        D        E       F      G
               +--------+--------+--------+--------+--------+-----+--------+
         Total |   8955 |   8648 |    307 |    183 |   7113 |  10 |  895.5 |
       Dungeon |   8938 |   8638 |    300 |    183 |   7113 |   9 |  993.1 |
        Temple |     16 |      9 |      7 |      0 |      0 |   1 |   16.0 |
               +--------+--------+--------+--------+--------+-----+--------+

Top non-repeatable levels by time:
     D:8: 1658 daAuts
     D:6: 1170 daAuts
     D:3: 1150 daAuts
     D:1: 1090 daAuts
     D:5: 1067 daAuts
     D:7: 1049 daAuts
     D:2: 923 daAuts
     D:4: 789 daAuts
     D:9: 37 daAuts
  Temple: 16 daAuts
